 Dungeon Crawl Stone Soup version 0.14-a0-2644-gcc8e764 (webtiles) character file.

54885 Psiweapon the Unseen (level 14, -9/103 HPs)
             Began as a Vampire Enchanter on Feb 16, 2014.
             Was a High Priest of Dithmenos.
             Mangled by a boulder beetle (36 damage)
             ... on Level 7 of the Lair of Beasts.
             The game lasted 02:58:50 (22959 turns).

Psiweapon the Unseen (Vampire Enchanter)           Turns: 22959, Time: 02:58:50

HP  -9/103       AC 18     Str  9      XL: 14   Next: 31%
MP  20/32        EV 12     Int 18      God: Dithmenos [*****.]
Gold 1277        SH  0     Dex 21      Spells:  8 memorised, 11 levels left

rFire  . . .     SeeInvis +     A - +2,+1 long sword (protect)
rCold  + + .     Clarity  .     f - +1 elf ring mail
rNeg   + + +     Conserve .     (no shield)
rPois  +         rCorr    .     D - +1 hat
rElec  .         rRot     +     c - +2 cloak "Plog" {Acc+2 SInv}
SustAb . .       Spirit   .     w - +0 pair of dwarf gloves
rMut   .         Warding  .     q - +0 pair of boots
Saprov . . .     Stasis   .     (no amulet)
MR     +....                    i - +6 ring of dexterity
                                x - ring of regeneration

@: regenerating slowly, wreathed by umbra, somewhat resistant to hostile
enchantments, uncannily stealthy
A: bottle blood, fangs 3, see invisible, unbreathing
a: Bat Form, Bottle Blood, Shadow Step, Shadow Form, Renounce Religion


You were on level 7 of the Lair of Beasts.
You worshipped Dithmenos.
Dithmenos was extremely pleased with you.
You were near bloodless.

You visited 3 branches of the dungeon, and saw 20 of its levels.
You also visited: Ice Cave.

You collected 1277 gold pieces.

Inventory:

Hand weapons
 a - a +3,+5 orcish dagger
 A - a +2,+1 long sword of protection (weapon)
Missiles
 o - 4 javelins of returning (quivered)
Armour
 c - the +2 cloak "Plog" (worn) {Acc+2 SInv}
   (You found it on level 11 of the Dungeon)

   It affects your accuracy with ranged weapons and melee attacks (+2).
   It enhances your eyesight.
 f - a +1 elven ring mail (worn)
 q - a +0 pair of boots (worn)
 w - a +0 pair of dwarven gloves (worn)
 D - a +1 hat (worn)
Magical devices
 e - a wand of frost (11)
 g - a wand of enslavement (4)
 v - a wand of enslavement (12)
 E - a wand of disintegration (2)
Scrolls
 m - 4 scrolls of remove curse
 n - 4 scrolls of teleportation
 z - a scroll of blinking
 I - a scroll of fear
 J - a scroll of fog
Jewellery
 b - an uncursed ring of teleport control
 h - an uncursed ring of poison resistance {unknown}
 i - a +6 ring of dexterity (right hand)
 x - a ring of regeneration (left hand)
 y - an uncursed ring of ice
 B - an uncursed ring of flight
Potions
 j - a potion of coagulated blood
 k - 5 potions of curing
 r - 8 potions of blood
 u - a potion of might
 L - a potion of invisibility
 M - 3 potions of flight
Magical staves
 l - an uncursed staff of energy
Miscellaneous
 d - a legendary deck of war {drawn: 1}


   Skills:
 + Level 7.4 Fighting
 - Level 10.8 Short Blades
 - Level 8.1 Long Blades
 - Level 3.6 Throwing
 + Level 5.0 Armour
 + Level 7.1 Dodging
 + Level 18.4 Stealth
 - Level 10.4 Spellcasting
 - Level 11.2 Hexes
 - Level 3.0 Translocations
 - Level 3.0 Ice Magic


You had 11 spell levels left.
You knew the following spells:

 Your Spells              Type           Power        Failure   Level  Hunger
a - Sure Blade            Hex/Chrm       ####......   1%          2    None
b - Ensorcelled Hibernat  Hex/Ice        #####.       1%          2    None
c - Confuse               Hex            #####...     1%          3    None
d - Invisibility          Hex            #####...     14%         6    ######.
e - Enslavement           Hex            #####...     1%          4    ###....
f - Apportation           Tloc           ###.......   1%          1    None
g - Blink                 Tloc           N/A          3%          2    None
h - Stoneskin             Trmt/Erth      #.........   12%         2    None


Dungeon Overview and Level Annotations

Branches:
Dungeon (11/16)            Temple (1/1) D:6             Orc (0/4) D:11
   Lair (8/8) D:11         Shoals (0/5) Lair:5        Snake (0/5) Lair:4
  Slime: Lair:6-8

Altars:
Ashenzari
Cheibriados
Dithmenos
Nemelex Xobeh
Okawaru
Sif Muna
Xom
Zin
The Shining One

Annotations:
D:6 exclusion: orc priest


Innate Abilities, Weirdness & Mutations

You heal slowly.
You can bottle blood from corpses.
You have razor-sharp teeth.*
You have supernaturally acute eyesight.
You can survive without breathing.*


Message History

You hit the boulder beetle but do no damage.
You bite the boulder beetle, but do no damage.
The boulder beetle is almost dead.
The boulder beetle bites you!
You hit the boulder beetle but do no damage.
The boulder beetle is almost dead.
You hit the boulder beetle.
The boulder beetle is almost dead.
The boulder beetle bites you!
* * * LOW HITPOINT WARNING * * *
Drink which item? (? for menu, Esc to quit)
You can't drink that!
Casting: Confuse
Confirm with . or Enter, or press ? or * to list all spells.
Aiming: Confuse
Press: ? - help, Shift-Dir - straight line, f/p - boulder beetle
Aim: a boulder beetle (almost dead, umbra)
The boulder beetle resists with significant effort.
The boulder beetle bites you!
You die...

....#.....#......................
...#.............................
#P.##............................
#####..#.........................
###..........................
######.........................
#.#............................
##......#......%...............
#............B@..#..>......PPP.
###.........................#P.
##..##....................PPf
##............................
#....<........................
####.........................f
##.........................
##..................P...#.
##..................#...#


You could see a boulder beetle.

Vanquished Creatures
  A frost giant (IceCv)
  Snorg (Lair:3)
  Fannar (Lair:4)
  A hydra (Lair:2)
  The ghost of ciphuk the Ripper, a powerful FeTm of Nemelex Xobeh (IceCv)
  10 death yaks
  Nergalle (Lair:4)
  An ice statue (IceCv)
  A hill giant (D:10)
  An unseen horror (D:11)
  Joseph (D:9)
  A lindwurm (Lair:7)
  9 black mambas
  A manticore (Lair:5)
  11 elephants
  12 spiny frogs
  A naga mage (Lair:4)
  4 fire drakes
  2 wandering mushrooms (Lair:5)
  9 blink frogs
  A troll (D:10)
  2 giant leeches (Lair:8)
  14 polar bears (IceCv)
  4 komodo dragons
  A two-headed ogre (D:8)
  2 basilisks
  A griffon skeleton (D:10)
  A grizzly bear (Lair:3)
  7 sharks
  49 yaks
  2 elephant slugs
  A wraith (D:11)
  2 wyverns
  2 vampire mosquitoes (Lair:8)
  5 hippogriffs
  9 wolves (IceCv)
  9 porcupines
  5 sky beasts
  5 giant goldfish
  6 orc warriors
  A phantom (D:9)
  A boring beetle (Lair:7)
  8 ice beasts
  3 centaurs
  8 ogres
  Duvessa (D:7)
  A warg (D:11)
  11 crocodiles
  21 giant frogs
  13 water moccasins
  A gnoll sergeant (D:6)
  Blork the orc (D:6)
  10 agate snails
  3 giant slugs
  3 killer bees (D:9)
  6 wights
  7 electric eels
  6 hounds
  5 jellyfish
  2 goliath beetles (D:8)
  Dowan (D:7)
  2 crimson imps
  3 quasits
  A spider (D:8)
  4 jellies
  2 giant frog skeletons
  5 orc priests
  6 big fish
  5 iguanas
  10 orc wizards
  4 sheep (Lair:5)
  4 scorpions
  7 worker ants
  A hound zombie (D:7)
  A worker ant zombie (D:5)
  27 adders
  5 giant centipedes
  5 gnolls (D:6)
  28 green rats
  12 white imps (Lair:3)
  3 giant mites
  A goliath beetle zombie (D:8)
  3 worms
  3 giant eyeballs
  7 giant geckos
  3 oozes
  36 orcs
  A bat skeleton (D:5)
  17 hobgoblins
  12 quokkas
  4 ball pythons
  19 bats
  9 giant cockroaches
  5 giant newts
  3 giant spores
  21 goblins
  21 jackals
  18 kobolds
  3 orc skeletons
  20 rats
  A ballistomycete (D:10)
  2 fungi
655 creatures vanquished.

Vanquished Creatures (collateral kills)
  A wolf (IceCv)
1 creature vanquished.

Vanquished Creatures (others)
  A giant slug (Lair:8)
  A water moccasin (Lair:8)
  A bat (D:10)
  A giant spore (D:10)
  3 fungi
  4 plants
11 creatures vanquished.

Grand Total: 667 creatures vanquished

Notes
Turn   | Place    | Note
--------------------------------------------------------------
     0 | D:1      | Psiweapon, the Vampire Enchanter, began the quest for the Orb.
     0 | D:1      | Reached XP level 1. HP: 13/13 MP: 3/3
   536 | D:1      | Reached XP level 2. HP: 19/19 MP: 2/4
   565 | D:1      | Learned a level 2 spell: Ensorcelled Hibernation
   593 | D:2      | Reached skill level 1 in Throwing
   682 | D:3      | Reached skill level 5 in Hexes
   937 | D:3      | Reached XP level 3. HP: 24/24 MP: 3/6
  1186 | D:4      | Reached XP level 4. HP: 28/30 MP: 0/7
  1547 | D:4      | Noticed an ogre
  1568 | D:3      | Killed an ogre
  1568 | D:3      | Reached skill level 5 in Stealth
  1568 | D:3      | Reached skill level 6 in Hexes
  1568 | D:3      | Reached XP level 5. HP: 14/35 MP: 1/9
  1762 | D:5      | Entered Level 5 of the Dungeon
  1893 | D:5      | Noticed an ice beast
  1897 | D:5      | Killed an ice beast
  1897 | D:5      | Reached XP level 6. HP: 41/41 MP: 10/10
  1970 | D:5      | Noticed an ogre
  1976 | D:5      | Killed an ogre
  2122 | D:5      | Found a glowing golden altar of the Shining One.
  2134 | D:5      | Found a snail-covered altar of Cheibriados.
  2288 | D:5      | Found a sparkling altar of Nemelex Xobeh.
  2509 | D:6      | Reached XP level 7. HP: 39/46 MP: 4/12
  2608 | D:6      | Found an iron altar of Okawaru.
  2690 | D:6      | Reached skill level 7 in Hexes
  2740 | D:6      | Learned a level 3 spell: Confuse
  2935 | D:7      | Reached skill level 5 in Dodging
  2935 | D:7      | Reached XP level 8. HP: 44/52 MP: 10/13
  3094 | D:6      | Found a staircase to the Ecumenical Temple.
  3198 | D:6      | Noticed Blork the orc
  3199 | D:6      | Killed Blork the orc
  3199 | D:6      | Reached skill level 8 in Hexes
  3225 | D:6      | Found a shimmering altar of Xom.
  3251 | Temple   | Entered the Ecumenical Temple
  3273 | Temple   | Became a worshipper of Dithmenos
  4525 | D:3      | Reached skill level 1 in Long Blades
  4808 | D:3      | Found a glowing silver altar of Zin.
  5109 | D:6      | Reached skill level 5 in Short Blades
  5665 | D:7      | Noticed Duvessa
  5672 | D:7      | Noticed Dowan
  5676 | D:7      | Killed Duvessa
  5679 | D:7      | Killed Dowan
  5732 | D:7      | Reached skill level 9 in Hexes
  5751 | D:8      | Reached XP level 9. HP: 57/57 MP: 14/14
  6233 | D:8      | Found a flagged portal.
  6618 | D:8      | Learned a level 6 spell: Invisibility
  6752 | D:10     | Entered Level 10 of the Dungeon
  6753 | D:10     | Noticed a hill giant
  6796 | D:8      | Noticed a two-headed ogre
  6813 | D:8      | Killed a two-headed ogre
  6813 | D:8      | Reached skill level 10 in Stealth
  6813 | D:8      | Reached skill level 10 in Hexes
  7130 | D:9      | Noticed Joseph
  7134 | D:9      | Reached skill level 1 in Armour
  7240 | D:9      | Killed Joseph
  7280 | D:9      | Reached skill level 11 in Stealth
  7280 | D:9      | Reached XP level 10. HP: 59/63 MP: 11/18
  7727 | D:9      | Acquired Dithmenos' first power
  7882 | D:10     | Killed a hill giant
  8175 | D:10     | Learned a level 2 spell: Sure Blade
  8180 | D:10     | Learned a level 4 spell: Enslavement
  8634 | D:10     | Reached skill level 12 in Stealth
  9014 | D:11     | Found a staircase to the Orcish Mines.
  9223 | D:11     | Found a staircase to the Lair.
  9247 | Lair:1   | Entered Level 1 of the Lair of Beasts
  9268 | Lair:1   | Reached skill level 5 in Spellcasting
  9512 | Lair:1   | Reached XP level 11. HP: 68/68 MP: 18/23
  9531 | Lair:1   | Acquired Dithmenos' second power
 10230 | Lair:2   | Noticed a five-headed hydra
 10249 | Lair:2   | Killed a five-headed hydra
 10249 | Lair:2   | Reached skill level 13 in Stealth
 10299 | Lair:2   | Reached skill level 5 in Armour
 10897 | Lair:3   | Found a frozen archway.
 10971 | IceCv    | Entered an ice cave
 11118 | IceCv    | Reached skill level 14 in Stealth
 11241 | IceCv    | Noticed an ice statue
 11535 | IceCv    | Killed an ice statue
 11535 | IceCv    | Reached skill level 1 in Fighting
 11877 | IceCv    | Reached XP level 12. HP: 75/77 MP: 23/27
 12577 | IceCv    | Reached skill level 10 in Short Blades
 12610 | IceCv    | Noticed a frost giant
 12943 | IceCv    | Killed a frost giant
 12943 | IceCv    | Reached skill level 15 in Stealth
 12986 | IceCv    | Noticed ciphuk's ghost (powerful FeTm)
 13224 | IceCv    | Killed ciphuk's ghost
 13922 | Lair:3   | Noticed Snorg
 13937 | Lair:3   | Killed Snorg
 14998 | D:11     | Got a faintly humming cloak
 15001 | D:11     | Identified the +2 cloak "Plog" {Acc+2 SInv} (You found it on level 11 of the Dungeon)
 15082 | D:11     | Noticed an unseen horror
 15088 | D:11     | Killed an unseen horror
 15811 | Lair:4   | Found a staircase to the Snake Pit.
 15826 | Lair:4   | Reached skill level 5 in Long Blades
 15844 | Lair:4   | Reached skill level 16 in Stealth
 16078 | Lair:4   | Noticed Fannar
 16092 | Lair:4   | Noticed Nergalle
 16095 | Lair:4   | Killed Fannar
 16101 | Lair:4   | Killed Nergalle
 16101 | Lair:4   | Reached XP level 13. HP: 90/90 MP: 18/29
 16535 | Lair:5   | Found a shimmering altar of Xom.
 16557 | Lair:5   | Reached skill level 5 in Fighting
 17042 | Lair:5   | Acquired Dithmenos' third power
 17777 | Lair:5   | Found a staircase to the Shoals.
 18217 | Lair:5   | Reached skill level 17 in Stealth
 18238 | Lair:5   | Reached skill level 1 in Ice Magic
 19305 | Lair:6   | Acquired Dithmenos' fourth power
 19986 | Lair:2   | Learned a level 1 spell: Apportation
 19989 | Lair:2   | Learned a level 2 spell: Blink
 19992 | Lair:2   | Learned a level 2 spell: Stoneskin
 20531 | Lair:7   | Reached skill level 1 in Translocations
 21074 | Lair:7   | Reached skill level 18 in Stealth
 21466 | Lair:7   | Reached XP level 14. HP: 96/101 MP: 14/31
 21761 | Lair:8   | Entered Level 8 of the Lair of Beasts
 21794 | Lair:8   | Reached skill level 10 in Spellcasting
 22959 | Lair:7   | Mangled by a boulder beetle

Action                   |  1- 3 |  4- 6 |  7- 9 | 10-12 | 13-15 || total
-------------------------+-------+-------+-------+-------+-------++-------
Melee: Dagger            |    87 |    48 |   201 |   379 |   395 ||  1110
       Long sword        |       |     7 |   167 |   198 |    56 ||   428
       Short sword       |       |       |       |    16 |       ||    16
Throw: Tomahawk          |     9 |     2 |    60 |       |       ||    71
       Dart              |     1 |       |       |       |       ||     1
       Javelin           |       |       |     7 |     1 |    13 ||    21
 Cast: Corona            |     9 |       |     2 |       |       ||    11
       Ensorcelled Hiber |    17 |    30 |    86 |    82 |   114 ||   329
       Confuse           |       |       |    11 |    30 |    22 ||    63
       Invisibility      |       |       |       |    18 |    19 ||    37
       Sure Blade        |       |       |       |       |     1 ||     1
Invok: Shadow Step       |       |       |       |     2 |     1 ||     3
 Abil: Bottle Blood      |       |       |     4 |     6 |    11 ||    21
       End Transformatio |       |       |     3 |    10 |     8 ||    21
       Bat Form          |       |       |     3 |    10 |     8 ||    21
Evoke: Wand              |       |     5 |    21 |    17 |       ||    43
       Deck              |       |       |       |     1 |       ||     1
       Staff of energy   |       |       |       |       |    11 ||    11
  Use: Potion            |     2 |       |     2 |    11 |     2 ||    17
       Scroll            |       |     3 |    13 |    12 |     2 ||    30
 Stab: Sleeping          |    15 |    21 |    72 |   151 |   141 ||   400
       Confused          |       |       |     6 |    14 |     3 ||    23
       Distracted        |       |       |     2 |     6 |     4 ||    12
       Invisible         |       |       |     1 |    48 |    55 ||   104
